 Seeded DCSS version 0.29-a0-1009-g60c99734e7 (webtiles) character file.

Game seed: 1 (custom seed)

1558 Kazon the Cudgeller (level 8, -15/69 HPs)
             Began as a Hill Orc Fighter on Aug 8, 2022.
             Was a Believer of Beogh.
             Demolished by an ogre
             ... wielding a +0 giant club
              (27 damage)
             ... on level 6 of the Dungeon.
             The game lasted 00:19:26 (5162 turns).

Kazon the Cudgeller (Hill Orc Fighter)              Turns: 5162, Time: 00:19:26

Health: -15/69     AC: 12    Str: 27    XL:     8   Next: 89%
Magic:  11/11      EV:  7    Int:  8    God:    Beogh [**....]
Gold:   229        SH:  4    Dex: 10    Spells: 7/7 levels left

rFire   . . .      SeeInvis +   K - +3 hand axe
rCold   . . .      Faith    .   c - +0 buckler
rNeg    . . .      Spirit   .   m - +0 plate armour
rPois   .          Reflect  .   (no helmet)
rElec   .          Harm     .   (no cloak)
rCorr   .          Rampage  .   (no gloves)
Will    .....                   (no boots)
Stlth   ..........              (no amulet)
HPRegen 0.21/turn               v - ring of see invisible
MPRegen 0.12/turn               z - +6 ring of strength

@: no status effects
A: no striking features
a: Renounce Religion, Smiting


You were on level 6 of the Dungeon.
You worshipped Beogh.
Beogh was pleased with you.
You visited 1 branch of the dungeon, and saw 6 of its levels.

You collected 229 gold pieces.

Inventory:

Hand Weapons
 a - a +0 war axe
 j - a +1 vorpal flail
 w - a +0 arbalest
 y - a +0 whip of pain
 K - a +3 hand axe (weapon)
Missiles
 n - 30 poisoned darts
 q - 7 boomerangs
 s - 15 stones
Armour
 b - a +0 scale mail
 c - a +0 buckler (worn)
 m - a +0 plate armour (worn)
Jewellery
 g - a ring of ice
 v - a ring of see invisible (left hand)
 z - a +6 ring of strength (right hand)
 L - a ring of positive energy
Wands
 D - a wand of flame (20) (quivered)
 H - a wand of paralysis (12)
Scrolls
 f - 5 scrolls of identify {unknown}
 h - a scroll of magic mapping {unknown}
 k - a scroll of torment {unknown}
 p - 3 scrolls of blinking {unknown}
 r - a scroll of enchant weapon {unknown}
 x - 3 scrolls of poison {unknown}
 G - 2 scrolls of teleportation {unknown}
 I - a scroll of noise {unknown}
 J - a scroll of vulnerability {unknown}
Potions
 d - 2 potions of might
 e - a potion of mutation {unknown}
 i - 2 potions of heal wounds {unknown}
 l - 10 potions of curing {unknown}
 o - a potion of berserk rage {unknown}
 t - 2 potions of brilliance {unknown}
 u - a potion of invisibility {unknown}
 A - 3 potions of flight {unknown}
 B - 3 potions of cancellation {unknown}
 C - 3 potions of degeneration {unknown}
 E - a potion of resistance {unknown}
 F - 4 potions of haste {unknown}


   Skills:
 * Level 5.5 Fighting
 + Level 3.9(6.4) Axes
 + Level 6.5(6.9) Maces & Flails
 + Level 0.2 Ranged Weapons
 + Level 3.1 Throwing
 + Level 6.1 Armour
 + Level 0.4 Dodging
 + Level 4.1 Shields
 + Level 0.5 Necromancy
 * Level 5.0 Invocations
 * Level 0.7 Evocations


You had 7 spell levels left.
You didn't know any spells.
Your spell library contained the following spells:

 Spells                   Type           Power      Damage    Failure   Level
 Apportation              Tloc           0%         N/A       99%         1
 Magic Dart               Conj           0%         1d3       99%         1
 Necrotise                Necr           0%         1d4       99%         1
 Summon Small Mammal      Summ           0%         N/A       99%         1
 Searing Ray              Conj           0%         2d4       100%        2
 Fulminant Prism          Conj/Hex       0%         3d6       100%        4
 Summon Lightning Spire   Summ/Air       0%         N/A       100%        4
 Storm Form               Tmut/Air       0%         N/A       100%        7
 Maxwell's Capacitive Co  Air            0%         ∞         100%        8


Dungeon Overview and Level Annotations

Branches:
Dungeon (6/15)
 Temple: D:4-7

Altars:
Hepliaklqana

Shops:
D:2 [   D:3 :

Annotations:
D:5 3 runed translucent doors, gelatine's ghost, amateur BaAM


Message History

You hit the scorpion.
The scorpion is moderately wounded.
The scorpion completely misses you.
You slash the scorpion!
The scorpion is severely wounded.
The scorpion stings you but does no damage.
You hit the scorpion.
You kill the scorpion!
Beogh accepts your kill.
Your Throwing skill increases to level 3!
You hit the black bear.
The black bear is lightly wounded.
The black bear bites you but does no damage.
The black bear claws you but does no damage.
The black bear closely misses you.
You slash the black bear!
The black bear is heavily wounded.
The black bear closely misses you.
The black bear claws you but does no damage. x2
You barely miss the black bear.
The black bear is heavily wounded.
The black bear bites you. You block the black bear's attack.
The black bear claws you.
You hit the black bear.
The black bear is severely wounded.
The black bear bites you but does no damage.
The black bear claws you but does no damage.
You block the black bear's attack.
You hit the black bear.
The black bear is almost dead.
The black bear goes berserk!
You slash the black bear!
You kill the black bear!
Beogh accepts your kill.
Your Invocations skill increases to level 5!
You completely miss the ogre. The ogre hits you with a +0 giant club!
* * * LOW HITPOINT WARNING * * *
You barely miss the ogre.
The ogre hits you with a +0 giant club!!
You die...

#.#.# #.#.# ...# ...#
#.#.# ###[.# ...#
##.#.###.#..# ...#
.........#..# ...#
.#.#####.#..# ...# .#.#
#<#..# ...#
.#.#####.#..######...####
######
.#..............@O.......
......
.#.##########'#####......
######
'#.#....#.........# .....
......
...#.##.#.8..8..8.# ####
######
...#.##.#.........#
...#.##.##'##+##'## #####
+#.#.##.###[.#..## #....
.#.#<##.###.##...## #....
.#.####.#..#.##...# +....


You could see an ogre.

Vanquished Creatures
  Duvessa (D:5)
  2 ice beasts
  A black bear (D:6)
  A centaur (D:5)
  2 kobold brigands (D:6)
  A scorpion (D:6)
  3 necrophages
  2 wights
  Dowan (D:5)
  2 hounds (D:6)
  2 jellies
  Terence (D:2)
  4 iguanas
  An orc wizard (D:4)
  9 gnolls
  9 adders
  A shadow imp (D:6)
  2 white imps (D:6)
  4 worms
  3 dart slugs
  16 orcs
  8 ball pythons
  6 endoplasms
  4 giant cockroaches
  8 goblins
  3 hobgoblins
  9 kobolds
  3 quokkas
  8 bats
  5 rats
122 creatures vanquished.

Vanquished Creatures (others)
  An adder (D:3)
  2 orcs (D:3)
  3 fungi (D:5)
  A plant (D:5)
7 creatures vanquished.

Grand Total: 129 creatures vanquished

Notes
Turn   | Place    | Note
-------+----------+-------------------------------------------
     0 | D:1      | Kazon the Hill Orc Fighter began the quest for the Orb.
     0 | D:1      | Reached XP level 1. HP: 19/19 MP: 1/1
   115 | D:1      | Reached XP level 2. HP: 23/27 MP: 2/2
   386 | D:1      | Reached XP level 3. HP: 31/33 MP: 3/3
   743 | D:1      | Found a faded altar of an unknown god.
   883 | D:2      | Noticed Terence
   889 | D:2      | Killed Terence
  1042 | D:2      | Reached XP level 4. HP: 32/40 MP: 4/4
  1110 | D:2      | Reached skill level 1 in Maces & Flails
  1486 | D:2      | Found Bailloare's Armour Boutique.
  1931 | D:3      | Reached XP level 5. HP: 36/46 MP: 5/5
  2519 | D:3      | Became a worshipper of Beogh the Brigand
  2559 | D:3      | Found Gonify's Book Shop.
  3077 | D:4      | Reached XP level 6. HP: 49/52 MP: 6/6
  3112 | D:4      | Reached skill level 1 in Invocations
  3147 | D:4      | Reached skill level 1 in Throwing
  3249 | D:4      | Paralysed by a kobold for 2 turns
  3366 | D:4      | Reached * piety under Beogh
  3487 | D:4      | Found a hazy altar of Hepliaklqana.
  3504 | D:5      | Entered Level 5 of the Dungeon
  3509 | D:5      | Found a runed translucent gate.
  3510 | D:5      | Found a runed translucent gate.
  3510 | D:5      | Noticed gelatine's ghost (amateur BaAM)
  3515 | D:5      | Found a runed translucent gate.
  3569 | D:5      | Reached skill level 5 in Armour
  3569 | D:5      | Reached XP level 7. HP: 49/60 MP: 8/8
  3647 | D:5      | Noticed Duvessa
  3648 | D:5      | Noticed Dowan
  3678 | D:5      | Killed Duvessa
  3680 | D:5      | Killed Dowan
  3681 | D:5      | Reached skill level 5 in Maces & Flails
  4414 | D:6      | Reached XP level 8. HP: 60/67 MP: 10/10
  4583 | D:5      | Reached skill level 5 in Fighting
  5113 | D:6      | Reached ** piety under Beogh
  5161 | D:6      | Reached skill level 5 in Invocations
  5162 | D:6      | Demolished by an ogre

Illustrated notes

Levels and vault maps discovered:
D:1:      dpeg_arrival_three_smaller_balls, layout_basic,
          shapermc_ecumenical_altar_mp_urbaneastern, minmay_tetromino_t4
D:2:      layout_basic, serial_shops, shop_fountains, uniq_terence
D:3:      layout_loops_ring, serial_shops, nicolae_shop_window_shopping,
          dk_noncrumbling_3, dk_noncrumbling_4
D:4:      layout_cave_pools, kennysheep_mini
D:5:      layout_loops_ring, gammafunk_ghost_nasty_kobolds, uniq_duvessa
D:6:      minmay_chambers_of_threes, layout_basic, nrook_mini_backslash

Skill      XL: |  1  2  3  4  5  6  7  8 |
---------------+-------------------------+-----
Axes           | 3 |  3.9
Armour         | 4 5 6 |  6.1
Maces & Flails | 2 3 4 5 6 |  6.5
Fighting       | 4 5 |  5.5
Invocations    | 2 3 5 |  5.0
Throwing       | 1 2 3 |  3.1
Shields        | 4 |  4.1
Ranged Weapons | |  0.2
Dodging        | |  0.4
Necromancy     | |  0.5
Evocations     | |  0.7

Action                   |  1- 3 |  4- 6 |  7- 9 || total
-------------------------+-------+-------+-------++-------
Melee: War axe           |     8 |       |       ||     8
       Flail             |    44 |   151 |    87 ||   282
       Whip              |       |    66 |       ||    66
       Hand axe          |       |       |    89 ||    89
 Fire: Arbalest          |    11 |       |       ||    11
Throw: Stone             |       |    44 |       ||    44
       Boomerang         |       |    23 |     1 ||    24
       Dart              |       |       |     9 ||     9
Invok: Convert to Beogh  |       |     1 |       ||     1
Evoke: Wand              |       |       |     2 ||     2
Armor: Scale mail        |    21 |       |       ||    21
       Plate armour      |    21 |   130 |    76 ||   227
Dodge: Dodged            |    19 |    60 |    42 ||   121
Block: Buckler           |    16 |    42 |    26 ||    84

Table legend: (Time is in decaauts)
 A = Elapsed time spent in this place.
 B = Non-inter-level travel time spent in this place.
 C = Inter-level travel time spent in this place.
 D = Time resting spent in this place.
 E = Time spent auto-exploring this place.
 F = Levels seen in this place.
 G = Mean time per level.
                   A        B        C        D        E       F      G
               +--------+--------+--------+--------+--------+-----+--------+
         Total |   5255 |   5148 |    107 |    299 |   2479 |   6 |  875.8 |
       Dungeon |   5255 |   5148 |    107 |    299 |   2479 |   6 |  875.8 |
               +--------+--------+--------+--------+--------+-----+--------+

Top non-repeatable levels by time:
     D:3: 1180 daAuts
     D:2: 976 daAuts
     D:5: 943 daAuts
     D:1: 886 daAuts
     D:6: 738 daAuts
     D:4: 531 daAuts
